 Dungeon Crawl Stone Soup version 0.31.0-32-g396128a36d (webtiles) character file.

Game seed: 10979510328338785457

1 H0rd4k the Charlatan (level 1, 0/13 HPs)
             Began as an Octopode Artificer on Apr 25, 2024.
             Slain by a quokka (4 damage)
             ... on level 1 of the Dungeon.
             The game lasted 00:00:12 (51 turns).

H0rd4k the Charlatan (Octopode Artificer)             Turns: 51, Time: 00:00:13

Health: 0/13       AC:  1    Str: 11    XL:     1   Next: 20%
Magic:  1/1        EV: 13    Int: 13    God:
Gold:   0          SH:  0    Dex: 12    Spells: 0/0 levels left

rFire   . . .        (no weapon)
rCold   . . .        (no shield)
rNeg    . . .        (helmet restricted)
rPois   .            (no amulet)
rElec   .            (no ring)
rCorr   .            (no ring)
SInv    .            (no ring)
Will    .....        (no ring)
Stlth   +++          (no ring)
HPRegen 0.22/turn    (no ring)
MPRegen 0.07/turn    (no ring)
                     (no ring)

%: no passive effects
@: no status effects
A: almost no armour, amphibious, 8 rings, camouflage 1, gelatinous body 1,
(nimble swimmer 1), tentacles
a: no special abilities


You were on level 1 of the Dungeon.
You visited 1 branch of the dungeon, and saw 1 of its levels.

Inventory:

Wands
 b - a wand of flame (15) (quivered)
 c - a wand of charming (15)
 d - a wand of iceblast (5)
Potions
 a - a potion of degeneration {unknown}


   Skills:
 + Level 1.1 Fighting
 - Level 2.3 Dodging
 - Level 1.3 Stealth
 + Level 0.1 Unarmed Combat
 - Level 3.2 Evocations


You couldn't memorise any spells.
You didn't know any spells.
Your spell library contained the following spells:

 Spells                   Type           Power      Damage    Failure   Level
 Fugue of the Fallen      Necr           0%         N/A       67%         3
 Ozocubu's Armour         Ice            0%         N/A       67%         3
 Manifold Assault         Tloc           0%         N/A       97%         4


Dungeon Overview and Level Annotations

Branches:
Dungeon (1/15)

Altars:


Innate Abilities, Weirdness & Mutations

You cannot wear most types of armour.
You are amphibious.
You can wear up to eight rings at the same time.
Your skin changes colour to match your surroundings (Stealth+).
Your rubbery body absorbs attacks. (AC +1, EV +1)
((You are camouflaged when in or above water. (Stealth+)))
You have tentacles for arms and can constrict up to eight enemies at once.


Message History

You are now empty-tentacled.
You drop a +0 club.
A kobold comes into view. It is wielding a +0 whip.
Found a smoky amethyst potion.
The kobold shouts!
The kobold throws a stone.
The stone misses you.
A kobold is nearby!
A kobold is nearby!
The kobold hits you with a +0 whip.
You tentacle-slap the kobold but do no damage.
Your grab misses the kobold. The kobold completely misses you.
You tentacle-slap the kobold but do no damage.
You grab the kobold.
You constrict the kobold, but do no damage.
The kobold misses you.
You tentacle-slap the kobold.
The kobold is heavily wounded.
You constrict the kobold.
You kill the kobold!
No target in view!
No target in view!
HP restored.
a - a smoky amethyst potion You pick up a book of Battle and begin reading...
You add the spells Fugue of the Fallen, Ozocubu's Armour and Manifold Assault to your library.
Found a falchion.
A quokka comes into view.
Found an encrusted brass ring.
A quokka is nearby!
A kobold comes into view. It is wielding a +4 dagger of speed.
The kobold shouts!
You hear a loud squeak.
The quokka closely misses you.
You tentacle-slap the quokka but do no damage.
Your grab misses the quokka. The quokka closely misses you.
The quokka bites you. The kobold barely misses you.
You tentacle-slap the quokka. You grab the quokka.
The quokka is heavily wounded.
You constrict the quokka.
The kobold hits you with a +4 dagger of speed.
The quokka bites you.
You die...

... ..... .#..##....
.......#.# .......=.##
###########
..........####.....#....
...........##...........
...........#............
......r@...#............
......K....#............
......).................
..........##............
##..#..#####...)........
###.#######.#..........
.# #.######.###.###..###
#.# #.#####.####.# #..#
#.# #.####.#####.# #..#


You could see a quokka and a kobold.

Vanquished Creatures
  A kobold (D:1)
1 creature vanquished.

Notes
Turn   | Place    | Note
-------+----------+-------------------------------------------
     0 | D:1      | H0rd4k the Octopode Artificer began the quest for the Orb.
     0 | D:1      | Reached XP level 1. HP: 13/13 MP: 1/1
    51 | D:1      | Slain by a quokka

Illustrated notes

Levels and vault maps discovered:
D:1:      spicycebolla_arrival_xxxplode, layout_rooms

Action                     || total
---------------------------++-------
  Melee: Unarmed           ||     5
         Constrict         ||     2
 Armour: Skin              ||     4
  Dodge: Dodged            ||     6
